Map: Línea Aguablanca EE

Players

Krsnik

  • Race: Protoss Protoss
  • Spawn Location: 1:00

nitocortizo

  • Race: Protoss Protoss
  • Spawn Location: 1:00

Ayax

  • Race: Zerg Zerg
  • Spawn Location: 12:00

TATORREA

  • Race: Protoss Protoss
  • League: Gold
  • Spawn Location: 7:00

tigro

  • Race: Terran Terran
  • League: Bronze
  • Spawn Location: 6:00

MrFercho

  • Race: Zerg Zerg
  • League: Gold
  • Spawn Location: 7:00

VOD

Have the link to the VOD?

Description

Time

  • Played on: Aug. 14, 2020, 10:50 p.m.
  • Length: 15:58
Show
View Real Time Build Order
Export as new Build Order

Krsnik Protoss 

Build Orders:  

Get SALT Encoding   

  12  0:01  Probe  
  13  0:13  Probe  
  14  0:22  Pylon  
  14  0:25  Probe  
  15  0:41  Probe  
  16  0:52  Gateway  
  16  0:53  Probe  
  16  0:56  Forge  
  17  1:07  Probe  
  18  1:16  Pylon  
  18  1:19  Probe  
  18  1:44  Photon Cannon  
  18  1:47  Zealot  
  18  1:50  Probe  
  21  1:55  Assimilator  
  21  1:58  Pylon  
  22  2:08  Probe  
  22  2:20  Probe  
  23  2:28  Zealot, Cybernetics Core  
  25  2:33  Pylon  
  25  2:48  Gateway  
  25  2:54  Pylon  
  25  2:55  Zealot  
  25  2:56  Assimilator  
  27  3:01  Warp Gate (Chrono Boost), Pylon  
  27  3:14  Photon Cannon  
  27  3:17  Photon Cannon  
  27  3:22  Zealot  
  29  3:32  Gateway  
  29  3:34  Gateway  
  29  3:38  Pylon  
  29  3:43  Zealot  
  34  3:55  Stalker  
  31  4:00  Probe  
  34  4:12  Probe  
  35  4:24  Probe  
  34  4:53  Nexus  
  34  5:00  Pylon  
  34  5:03  Pylon  
  34  5:06  Assimilator  
  34  5:15  Pylon  
  34  5:17  Assimilator, Probe  
  34  5:20  Photon Cannon  
  35  5:27  Shield Battery  
  35  5:29  Probe  
  36  5:37  Twilight Council  
  36  5:41  Probe  
  37  6:06  Stalker x3  
  37  6:07  Stalker  
  45  6:14  Probe (Chrono Boost)  
  46  6:24  Probe (Chrono Boost)  
  47  6:29  Probe (Chrono Boost)  
  48  6:33  Zealot x3  
  52  6:55  Zealot x4  
  52  6:59  Probe  
  61  7:11  Probe  
  60  7:22  Stalker  
  60  7:23  Stalker x3, Probe (Chrono Boost)  
  60  7:29  Protoss Ground Weapons Level 1  
  69  7:34  Probe (Chrono Boost)  
  70  7:38  Probe (Chrono Boost)  
  71  7:52  Zealot x2  
  71  7:53  Charge (Chrono Boost), Zealot  
  75  8:04  Photon Cannon  
  69  8:05  Photon Cannon  
  69  8:08  Shield Battery  
  69  8:26  Probe  
  70  8:38  Probe  
  71  8:41  Zealot x2  
  71  8:42  Zealot x2  
  79  9:07  Zealot x4  
  87  9:26  Blink  
  87  9:34  Stalker x4  
  87  9:37  Protoss Ground Armor Level 1  
  87  9:54  Gateway  
  87  9:56  Gateway  
  87  9:58  Pylon  
  87  10:02  Zealot x3  
  87  10:03  Zealot  
  95  10:24  Probe (Chrono Boost)  
  96  10:33  Probe (Chrono Boost)  
  97  10:41  Stalker x4, Pylon  
  61  11:26  Zealot x2  
  61  11:27  Zealot x4  
  71  11:43  Protoss Ground Weapons Level 2 (Chrono Boost)  
  71  11:55  Zealot x4  
  71  11:56  Zealot  
  71  11:57  Zealot  
  83  12:04  Forge  
  83  12:11  Pylon  
  83  12:14  Photon Cannon  
  83  12:16  Photon Cannon  
  83  12:19  Photon Cannon  
  83  12:22  Zealot  
  85  12:23  Zealot x5  
  87  12:38  Photon Cannon  
  87  12:41  Photon Cannon  
  87  12:43  Photon Cannon  
  87  12:45  Photon Cannon  
  87  12:47  Photon Cannon  
  87  12:55  Stalker x2  
  87  12:56  Stalker x2  
  87  12:57  Zealot  
  97  13:02  Nexus  
  97  13:08  Shield Battery  
  71  13:55  Zealot x3  
  67  13:56  Zealot x3  
  75  14:11  Templar Archives  
  75  14:13  Pylon  
  75  14:29  Shield Battery  
  75  14:30  Photon Cannon  
  75  14:33  Photon Cannon  
  75  14:35  Photon Cannon  
  75  14:50  High Templar x5  
  77  15:04  Zealot  
  75  15:17  Shield Battery  
  75  15:20  Photon Cannon  
  71  15:22  Stalker  
  71  15:26  Archon  
  61  15:32  Zealot  
  38  15:46  Stalker  
  34  15:51  High Templar x2  
  34  15:52  High Templar x2  
  34  15:55  High Templar  
Show
View Real Time Build Order
Export as new Build Order

nitocortizo Protoss 

Build Orders:  

Get SALT Encoding   

  12  0:15  Probe (Chrono Boost)  
  13  0:25  Probe (Chrono Boost)  
  14  0:33  Pylon  
  14  0:44  Pylon  
  14  0:47  Probe  
  15  0:59  Probe  
  16  1:07  Assimilator  
  16  1:11  Probe (Chrono Boost)  
  16  1:13  Assimilator  
  17  1:23  Probe (Chrono Boost)  
  18  1:25  Forge  
  18  1:30  Probe (Chrono Boost)  
  19  1:38  Probe  
  20  1:50  Probe  
  21  1:55  Gateway  
  21  2:20  Photon Cannon  
  21  2:40  Gateway  
  21  2:53  Cybernetics Core  
  21  3:12  Photon Cannon  
  21  3:17  Zealot  
  23  3:24  Nexus  
  23  3:30  Warp Gate  
  23  3:45  Shield Battery  
  23  3:48  Stalker  
  25  3:56  Gateway  
  25  4:04  Gateway  
  25  4:07  Assimilator  
  25  4:11  Stalker  
  27  4:18  Stalker  
  27  4:21  Pylon  
  29  4:29  Assimilator  
  29  4:38  Probe (Chrono Boost)  
  30  4:41  Stalker  
  32  4:48  Stalker  
  32  4:49  Probe (Chrono Boost)  
  35  4:53  Stalker  
  35  4:54  Probe (Chrono Boost)  
  38  5:04  Probe  
  38  5:05  Stalker  
  41  5:11  Stalker  
  43  5:16  Probe  
  44  5:28  Probe  
  45  5:40  Probe  
  45  5:41  Stalker  
  45  5:42  Stalker  
  40  5:53  Probe  
  41  6:05  Probe  
  42  6:17  Probe  
  33  6:22  Stalker  
  33  6:25  Stalker  
  37  6:27  Stalker  
  37  6:31  Stalker  
  41  6:47  Photon Cannon  
  41  6:55  Photon Cannon  
  41  7:02  Pylon  
  41  7:13  Photon Cannon  
  41  7:17  Probe (Chrono Boost)  
  41  7:22  Stalker  
  44  7:25  Stalker  
  44  7:27  Stalker  
  44  7:28  Probe (Chrono Boost)  
  49  7:32  Stalker  
  49  7:33  Probe (Chrono Boost)  
  52  7:44  Probe  
  53  7:56  Probe  
  54  8:13  Probe (Chrono Boost)  
  54  8:18  Stalker  
  57  8:21  Stalker  
  57  8:23  Probe (Chrono Boost)  
  57  8:24  Stalker  
  62  8:45  Pylon  
  62  9:03  Probe  
  63  9:15  Probe  
  64  9:36  Probe (Chrono Boost)  
  65  9:45  Photon Cannon  
  66  9:46  Probe (Chrono Boost)  
  66  9:51  Pylon, Probe (Chrono Boost)  
  67  10:02  Probe  
  68  10:25  Photon Cannon  
  68  10:29  Shield Battery  
  68  10:34  Pylon  
  68  10:38  Photon Cannon  
  68  10:46  Stalker  
  68  10:48  Stalker  
  72  10:50  Stalker  
  72  10:52  Stalker  
  44  12:09  Stalker  
  44  12:12  Stalker  
  44  12:14  Stalker  
  50  12:17  Stalker  
  52  12:31  Photon Cannon  
  52  12:39  Shield Battery  
  52  12:46  Photon Cannon  
  52  12:58  Pylon  
  52  13:11  Pylon  
  52  13:13  Stalker  
  52  13:15  Stalker  
  52  13:17  Stalker  
  58  13:20  Stalker  
  60  13:28  Photon Cannon  
  60  13:39  Stargate  
  60  13:43  Twilight Council  
  60  13:49  Stargate  
  60  13:54  Photon Cannon  
  60  14:01  Nexus  
  60  14:07  Stalker  
  62  14:10  Stalker  
  62  14:12  Stalker  
  62  14:14  Stalker  
  68  14:41  Void Ray  
  68  14:43  Void Ray  
Show
View Real Time Build Order
Export as new Build Order

Ayax Zerg 

Build Orders: Hatch First, Muta Ling Bane 

Get SALT Encoding   

  12  0:00  Drone  
  13  0:10  Drone  
  14  0:17  Overlord  
  14  0:35  Drone  
  14  0:36  Drone x2  
  17  0:47  Drone  
  18  1:07  Hatchery  
  17  1:13  Spawning Pool  
  17  1:14  Drone  
  17  1:20  Extractor  
  17  1:21  Extractor, Drone  
  17  1:24  Drone  
  17  1:32  Drone  
  18  1:49  Drone  
  19  1:57  Drone  
  20  2:03  Drone  
  20  2:06  Metabolic Boost  
  21  2:12  Zergling x2  
  22  2:25  Lair  
  22  2:26  Drone  
  22  2:28  Drone  
  24  2:35  Drone  
  25  2:40  Drone  
  25  2:41  Drone  
  27  2:46  Queen, Spore Crawler  
  28  2:52  Spore Crawler  
  28  2:53  Drone  
  28  3:03  Overlord, Spore Crawler  
  28  3:04  Drone  
  28  3:21  Drone x2  
  28  3:25  Drone  
  28  3:26  Spire  
  29  3:32  Drone x2  
  31  3:34  Drone  
  31  3:39  Drone  
  33  3:45  Overlord  
  33  3:50  Queen  
  33  3:52  Drone  
  36  3:57  Overlord  
  36  4:08  Drone x2  
  38  4:11  Drone x2  
  38  4:12  Drone  
  41  4:18  Extractor  
  41  4:20  Extractor  
  39  4:37  Mutalisk x4  
  47  4:40  Mutalisk  
  49  4:50  Mutalisk  
  51  5:02  Overlord  
  51  5:03  Overlord x2  
  51  5:13  Baneling Nest  
  50  5:20  Mutalisk x2  
  54  5:24  Drone  
  54  5:25  Drone x2  
  54  5:28  Drone x3  
  60  5:38  Hatchery  
  59  5:51  Zergling x6  
  62  5:59  Zergling x2  
  62  6:00  Zergling x6, Centrifical Hooks  
  61  6:26  Mutalisk x3  
  65  6:33  Zergling x4  
  65  6:34  Zergling x2  
  53  6:44  Mutalisk  
  48  6:56  Drone  
  37  7:05  Drone  
  37  7:14  Drone  
  38  7:16  Drone x2  
  38  7:17  Drone x2  
  38  7:18  Drone  
  38  7:20  Drone x3  
  46  7:32  Drone  
  42  7:45  Spine Crawler  
  33  8:06  Drone x3  
  33  8:07  Spine Crawler  
  33  8:08  Drone x3  
  33  8:10  Drone x3  
  41  8:38  Drone x2  
  41  8:39  Drone  
  41  8:40  Drone x2  
  43  8:46  Drone  
  39  9:14  Drone  
  39  9:15  Drone x2  
  42  9:18  Spine Crawler  
  42  9:21  Spine Crawler  
  42  9:22  Spine Crawler x2  
  38  9:45  Drone  
  38  9:46  Drone  
  38  9:48  Drone x3  
  38  9:51  Drone  
  38  9:52  Drone x2  
  26  10:01  Drone x2  
  28  10:12  Drone  
  29  10:16  Spire  
  28  10:26  Drone x3, Spire  
  31  10:28  Drone  
  31  10:37  Drone  
  31  10:38  Queen  
  34  10:44  Drone x2  
  34  10:47  Extractor  
  35  10:52  Extractor, Drone  
  35  11:04  Hatchery  
  34  11:27  Drone x3  
  34  11:31  Drone x3  
  40  11:42  Drone  
  41  11:52  Mutalisk x3  
  41  11:54  Mutalisk x2  
  51  12:04  Mutalisk  
  53  12:16  Mutalisk  
  53  12:19  Infestation Pit  
  53  12:22  Mutalisk  
  54  12:23  Mutalisk x2  
  60  12:31  Mutalisk x3  
  66  12:52  Mutalisk x2  
  66  12:54  Mutalisk  
  66  12:56  Zergling x4  
  56  13:45  Mutalisk  
  56  13:46  Mutalisk x2  
  60  13:48  Mutalisk x3  
  60  13:49  Mutalisk  
  60  13:52  Zergling x6  
  60  13:53  Queen  
  73  14:01  Mutalisk  
  75  14:04  Mutalisk  
  77  14:12  Mutalisk  
  79  14:19  Zergling x4  
  79  14:21  Zergling x2  
  79  14:23  Overlord  
  82  14:29  Overlord  
  82  14:30  Overlord x2  
  82  14:40  Queen  
  82  14:42  Drone x3  
  87  14:47  Swarm Host x2  
  87  14:48  Swarm Host  
Show
View Real Time Build Order
Export as new Build Order

TATORREA Protoss 

Build Orders:  

Get SALT Encoding   

  12  0:04  Probe  
  13  0:16  Probe  
  14  0:28  Probe  
  14  0:29  Pylon  
  15  0:47  Probe  
  16  0:55  Gateway  
  16  0:59  Probe  
  17  1:11  Probe  
  17  1:14  Gateway  
  18  1:28  Assimilator, Probe  
  18  1:30  Pylon  
  19  1:40  Probe  
  20  1:51  Assimilator  
  20  1:52  Probe  
  21  2:04  Probe  
  22  2:16  Cybernetics Core  
  22  2:22  Probe  
  22  2:31  Pylon  
  22  2:34  Gateway  
  22  2:36  Gateway  
  22  2:40  Probe  
  23  2:58  Twilight Council  
  23  3:02  Adept  
  23  3:03  Adept  
  27  3:31  Adept x2  
  27  3:32  Adept  
  27  3:33  Adept  
  35  3:35  Resonating Glaives (Chrono Boost)  
  35  3:36  Warp Gate  
  35  4:01  Adept x2  
  39  4:31  Pylon  
  39  4:34  Pylon  
  39  4:48  Adept (Chrono Boost)  
  41  4:56  Charge  
  41  5:06  Nexus  
  41  5:09  Pylon  
  41  5:10  Gateway  
  41  5:25  Adept x3  
  47  5:30  Adept  
  47  5:59  Stalker x2  
  47  6:00  Stalker  
  47  6:03  Stalker  
  43  7:22  Probe (Chrono Boost)  
  33  7:23  Probe (Chrono Boost)  
  33  7:30  Stalker x2  
  33  7:31  Stalker x3  
  33  7:34  Probe x2 (Chrono Boost)  
  45  7:38  Probe x2 (Chrono Boost)  
  47  7:44  Forge  
  47  7:47  Forge  
  47  7:49  Probe x2  
  47  7:50  Templar Archives  
  49  8:01  Probe x2  
  51  8:10  Stargate  
  51  8:13  Probe x2  
  51  8:17  Assimilator  
  53  8:21  Assimilator  
  53  8:25  Probe x2  
  55  8:30  Protoss Ground Weapons Level 1 (Chrono Boost)  
  55  8:31  Protoss Shields Level 1 (Chrono Boost)  
  55  8:37  Probe x2  
  57  8:49  Probe x2  
  59  9:01  Nexus  
  59  9:03  Pylon  
  59  9:05  Pylon  
  59  9:17  Gateway  
  59  9:18  Stalker  
  61  9:28  Stalker x2  
  61  9:29  Stalker  
  67  9:35  Blink  
  67  9:46  Probe x2  
  67  9:58  Probe x2  
  69  10:04  Stalker x2  
  69  10:05  Stalker  
  69  10:07  Stalker  
  77  10:10  Probe  
  77  10:11  Probe  
  79  10:17  Void Ray  
  83  10:22  High Templar  
  83  10:23  High Templar  
  83  10:25  Probe x3  
  90  10:37  Probe x3  
  90  10:38  Assimilator  
  90  10:39  High Templar  
  90  10:40  Assimilator, High Templar  
  90  10:42  Archon  
  97  10:44  Archon  
  97  10:49  Probe x3  
  98  11:01  Probe  
  77  11:06  Zealot x4  
  69  11:19  Zealot x2  
  64  11:35  Zealot x4  
  60  11:57  Nexus  
  58  12:06  Pylon, Probe x2  
  60  12:18  Probe x2  
  60  12:19  Protoss Shields Level 2, Protoss Ground Weapons Level 2  
  60  12:22  Psionic Storm  
  62  12:30  Probe x2  
  62  12:35  High Templar x5  
  62  12:36  High Templar  
  76  12:40  Archon x3  
  76  12:42  Void Ray, Probe x2  
  82  12:54  Probe x2  
  77  13:06  Probe x2  
  77  13:08  Stalker  
  77  13:09  Stalker x3  
  77  13:10  Stalker  
  75  13:36  High Templar  
  75  13:37  High Templar x2  
  75  13:39  Zealot  
  75  13:40  Zealot x2  
  81  13:43  Archon  
  81  13:47  Void Ray (Chrono Boost)  
  75  14:03  Probe (Chrono Boost)  
  75  14:04  Probe x2 (Chrono Boost)  
  78  14:14  Probe x3 (Chrono Boost)  
  81  14:18  Probe x3 (Chrono Boost)  
  81  14:23  Void Ray  
  88  14:29  Probe x3  
  91  14:33  High Templar  
  91  14:34  High Templar x2  
  91  14:35  High Templar  
  91  14:36  Zealot  
  101  14:46  Archon x2  
  101  15:09  Probe x3  
  86  15:21  Probe x3  
  67  15:44  Stalker x3  
  67  15:45  Stalker x2  
Show
View Real Time Build Order
Export as new Build Order

tigro Terran 

Build Orders:  

Get SALT Encoding   

  12  0:19  SCV  
  12  0:21  Supply Depot  
  13  0:31  SCV  
  14  0:35  Refinery  
  14  0:43  Supply Depot, SCV  
  15  0:55  SCV  
  16  1:07  SCV  
  16  1:08  Barracks  
  17  1:21  Refinery  
  17  1:30  SCV  
  18  1:42  SCV  
  19  1:54  SCV  
  19  1:55  Marine  
  21  2:06  SCV  
  22  2:13  Marine  
  23  2:16  Factory  
  23  2:19  SCV  
  24  2:31  Marine  
  25  2:38  SCV  
  26  2:49  Marine  
  27  3:00  Factory Tech Lab  
  27  3:07  Marine  
  28  3:16  Command Center  
  28  3:21  Orbital Command  
  28  4:03  Supply Depot  
  28  4:17  Barracks Tech Lab  
  28  4:29  Refinery  
  28  4:31  SCV  
  29  4:43  SCV  
  30  4:51  Engineering Bay  
  33  4:52  Siege Tank  
  33  4:55  SCV  
  33  4:59  Combat Shield  
  34  5:02  Marine  
  35  5:07  SCV  
  35  5:13  Refinery  
  36  5:19  SCV  
  36  5:20  Marine  
  38  5:25  Siege Tank  
  41  5:38  Marine  
  42  5:46  Missile Turret  
  42  5:56  Marine  
  42  5:57  Siege Tank  
  45  6:08  Missile Turret  
  45  6:13  Marine  
  44  6:18  Stimpack  
  44  6:33  Marine  
  45  6:51  Marine  
  46  7:02  SCV  
  47  7:08  Marine  
  47  7:14  SCV  
  49  7:19  Starport  
  49  7:26  Marine, SCV  
  51  7:38  SCV  
  52  7:44  Marine  
  52  7:50  SCV  
  50  8:02  SCV  
  45  8:11  Marine  
  43  8:14  SCV  
  41  8:29  Marine  
  41  8:33  Medivac  
  34  8:43  Missile Turret  
  34  8:47  Marine  
  27  9:05  Marine  
  25  9:18  Viking  
  25  9:22  Marine, Cyclone  
  22  9:40  Marine  
  24  9:54  Cyclone  
  24  9:58  Marine  
  28  10:02  SCV  
  29  10:07  Command Center  
  29  10:14  SCV  
  30  10:16  Marine  
  30  10:18  Medivac  
  31  10:24  Terran Infantry Weapons Level 1  
  31  10:26  Cyclone, SCV  
  35  10:38  SCV  
  36  10:50  SCV  
  37  10:57  Missile Turret  
  37  10:58  Cyclone  
  36  11:17  Missile Turret  
  26  11:31  Cyclone  
  24  11:38  Marine  
  22  11:42  Starport Tech Lab  
  22  11:46  Missile Turret  
  22  11:48  SCV  
  23  11:56  Marine  
  23  12:00  SCV  
  25  12:03  Cyclone  
  28  12:12  SCV  
  28  12:14  Marine  
  30  12:18  Terran Infantry Armor Level 1  
  30  12:19  Missile Turret  
  30  12:23  SCV  
  30  12:24  SCV  
  32  12:32  Marine  
  32  12:35  SCV, Cyclone  
  32  12:36  SCV  
  38  12:47  SCV  
  38  12:48  SCV  
  38  12:50  Marine  
  41  13:00  SCV  
  41  13:05  Armory  
  42  13:07  Cyclone  
  42  13:12  SCV  
  40  13:39  Cyclone  
  40  14:05  SCV  
  41  14:12  Neosteel Armor  
  41  14:17  Marine, SCV  
  41  14:19  Thor, Fusion Core  
  49  14:29  SCV  
  50  14:32  Medivac  
  50  14:35  Marine  
  53  14:41  SCV  
  54  14:52  Marine  
  54  14:53  SCV  
  49  15:02  Medivac, Cyclone  
  42  15:10  Marine  
  36  15:28  Marine  
Show
View Real Time Build Order
Export as new Build Order

MrFercho Zerg 

Build Orders: Hatch First 

Get SALT Encoding   

  12  0:00  Drone  
  13  0:15  Overlord  
  13  0:18  Drone  
  14  0:33  Drone x2  
  16  0:56  Hatchery, Drone  
  16  0:58  Drone  
  16  1:02  Drone  
  18  1:12  Extractor  
  18  1:17  Spawning Pool  
  16  1:20  Drone  
  17  1:27  Drone  
  18  1:35  Drone  
  19  1:52  Drone  
  19  1:53  Overlord  
  20  2:09  Zergling x4  
  20  2:14  Drone  
  23  2:17  Metabolic Boost  
  23  2:26  Drone x2  
  25  2:30  Queen x2  
  25  2:31  Overlord  
  25  2:35  Drone  
  30  2:40  Overlord  
  30  2:50  Drone  
  31  2:51  Drone  
  31  2:58  Drone  
  33  3:03  Drone  
  34  3:13  Drone x2  
  36  3:23  Queen  
  36  3:25  Drone x2  
  40  3:36  Drone x2  
  40  3:41  Zergling x8  
  46  3:52  Zergling x8  
  50  4:02  Hatchery  
  49  4:07  Baneling Nest, Drone x2  
  49  4:08  Overlord  
  50  4:15  Zergling x2  
  51  4:17  Zergling x2  
  52  4:41  Zergling x12  
  58  4:48  Zergling x4  
  60  4:57  Lair  
  60  5:00  Overlord x3  
  60  5:01  Overlord x2  
  60  5:07  Extractor  
  60  5:13  Evolution Chamber  
  59  5:15  Drone  
  59  5:16  Drone x2  
  59  5:17  Drone  
  59  5:18  Zergling x2  
  64  5:26  Zergling x8  
  64  5:28  Zergling x4  
  70  5:29  Zergling x2  
  70  5:30  Zergling x4  
  73  5:37  Queen  
  74  5:52  Zergling x18  
  73  6:01  Spore Crawler  
  65  6:05  Spore Crawler  
  65  6:07  Spore Crawler  
  65  6:08  Spore Crawler  
  54  6:36  Zergling x2  
  54  6:37  Zergling x22  
  43  6:53  Zergling x4  
  43  6:54  Zergling x8  
  41  6:58  Drone  
  41  7:00  Drone  
  43  7:17  Drone x10  
  53  7:39  Zergling x12  
  41  8:10  Zerg Melee Weapons Level 1  
  41  8:14  Drone x6  
  41  8:15  Drone x4  
  41  8:16  Drone x2  
  53  8:28  Zergling x6  
  55  8:46  Zergling x2  
  55  8:47  Zergling x10  
  61  8:54  Hatchery  
  57  9:16  Zergling x18  
  57  9:17  Zergling x8  
  69  9:22  Baneling x4  
  60  9:31  Spore Crawler  
  60  9:33  Spore Crawler  
  60  9:36  Spore Crawler  
  49  9:50  Drone x2  
  49  9:51  Drone x2  
  49  9:52  Drone x3  
  40  10:25  Extractor  
  40  10:26  Extractor  
  38  10:43  Hydralisk Den  
  37  10:54  Zergling x8  
  37  10:55  Zergling x20  
  51  11:18  Baneling x9  
  51  11:27  Zergling x20  
  61  11:39  Zergling x2  
  63  11:40  Zergling x20  
  66  12:13  Zergling x6  
  66  12:14  Zergling x16  
  74  12:29  Zergling x2  
  63  12:30  Zergling x6  
  52  12:38  Muscular Augments  
  52  12:39  Drone x2  
  52  12:40  Drone  
  55  12:50  Hydralisk x5  
  65  13:25  Hydralisk x6  
  77  13:27  Overlord  
  60  13:43  Hydralisk  
  60  13:44  Hydralisk x2  
  60  13:46  Zergling x8  
  66  13:49  Grooved Spines  
  66  13:55  Zerg Missile Weapons Level 1  
  66  13:56  Hatchery  
  66  14:00  Extractor  
  64  14:06  Hydralisk x2  
  68  14:29  Infestation Pit  
  67  14:33  Hydralisk x2  
  67  14:35  Hatchery  
  70  14:42  Zergling x2  
  70  14:43  Zergling x18  
  74  15:05  Zergling x26  
  68  15:31  Hydralisk x6, Drone  
Tags
 
Add a new tag
Caveats
  • Supply blocks, unpowered buildings, or Contaminate may cause inaccurate times.
  • Supply counts are checked every 10 seconds.